 Dungeon Crawl Stone Soup version 0.28.0-53-g5a82cb258f (webtiles) character file.

Game seed: 5242625997254723831

45 mortz the Skirmisher (level 3, -1/33 HPs)
             Began as a Hill Orc Monk on Aug 21, 2022.
             Slain by a gnoll
             ... wielding a +2 vorpal halberd
              (5 damage)
             ... on level 2 of the Dungeon.
             The game lasted 00:06:41 (1430 turns).

mortz the Skirmisher (Hill Orc Monk)                Turns: 1430, Time: 00:06:42

Health: -1/33      AC: 11    Str: 15    XL:     3   Next: 64%
Magic:  3/3        EV:  4    Int: 10    God:
Gold:   20         SH:  0    Dex: 13    Spells: 2/2 levels left

rFire   . . .      SeeInvis .   a - +0 falchion {long}
rCold   . . .      Faith    .   (no shield)
rNeg    . . .      Spirit   .   f - +0 chain mail
rPois   .          Reflect  .   e - +2 helmet
rElec   .          Harm     .   (no cloak)
rCorr   .          Rampage  .   (no gloves)
Will    .....                   (no boots)
Stlth   ..........              (no amulet)
HPRegen 0.11/turn               (no ring)
MPRegen 0.08/turn               (no ring)

@: held
A: no striking features
a: no special abilities


You were on level 2 of the Dungeon.
You visited 1 branch of the dungeon, and saw 2 of its levels.

You collected 20 gold pieces.


   Skills:
 + Level 4.1 Fighting
 + Level 4.0 Long Blades
 + Level 2.7 Dodging
 - Level 2.0 Stealth


You had 2 spell levels left.
You didn't know any spells.
Your spell library was empty.

Inventory:

Hand Weapons
 a - a +0 falchion (weapon) {long}
Missiles
 c - 38 stones (quivered) {throwing}
Armour
 e - a +2 helmet (worn)
   (You found it on level 2 of the Dungeon)
 f - a +0 chain mail (worn)
   (You found it on level 2 of the Dungeon)
Scrolls
 d - a scroll of summoning {unknown}

Dungeon Overview and Level Annotations

Branches:
Dungeon (2/15)

Altars:

#.((...... #.
#.(....... #.
#.r....... #.
#.........
.####.####g........
..........#.....###
.......ggS#.......
..........#........
.......@g.#........
..........###.##..
..........# #.# ..
..........# #.#
..........# #.#
..........###.#
..............#
..........###.#
...........##[#


You could see 4 gnolls, a ball python and a rat.


Message History

You finish putting on your +2 helmet.
Unknown command.
You see here a +0 chain mail.
You start removing your armour.
You continue taking off your +0 robe. x4
You finish taking off your +0 robe.
You start putting on your armour.
You continue putting on your +0 chain mail. x5
You finish putting on your +0 chain mail.
You drop a +0 robe.
A giant cockroach comes into view.
You throw a stone {throwing}.
The stone {throwing} hits the giant cockroach but does no damage.
You throw a stone {throwing}.
The stone {throwing} hits the giant cockroach but does no damage.
You throw a stone {throwing}.
The stone {throwing} hits the giant cockroach.
You throw a stone {throwing}.
The stone {throwing} hits the giant cockroach but does no damage.
You throw a stone {throwing}.
The stone {throwing} hits the giant cockroach.
The giant cockroach bites you but does no damage.
You hit the giant cockroach but do no damage.
The giant cockroach bites you. 😕 HP[-1]
You take 1 damage, and now have 32/33 hp.
You hit the giant cockroach. The giant cockroach barely misses you.
You hit the giant cockroach.
You kill the giant cockroach!
c - 45 stones {throwing} (gained 1)
An endoplasm comes into view.
You see here a stone {throwing}. 😎 HP[+1]
Your hp is fully restored (33).
You throw a stone {throwing}. The endoplasm quivers.
The stone {throwing} hits the endoplasm but does no damage.
You throw a stone {throwing}.
The stone {throwing} hits the endoplasm but does no damage.
You throw a stone {throwing}.
The stone {throwing} hits the endoplasm but does no damage.
Something unseen opens the door.
You throw a stone {throwing}.
The stone {throwing} barely misses the endoplasm.
A gnoll comes into view. It is wielding a +0 flail.
You throw a stone {throwing}. The gnoll shouts!
The stone {throwing} hits the endoplasm.
You hear a shout!
You throw a stone {throwing}.
The stone {throwing} hits the endoplasm but does no damage.
The endoplasm freezes you.
You are frozen. 😕 HP[-2]
You take 2 damage, and now have 31/33 hp.
You hit the endoplasm.
You kill the endoplasm!
You throw a stone {throwing}. The stone {throwing} hits the gnoll.
A gnoll comes into view. It is wielding a +2 vorpal halberd.
You closely miss the gnoll. The gnoll hits you but does no damage.
You hit the gnoll.
A gnoll comes into view. It is wielding a +0 club.
The gnoll hits you with a +0 flail. 😕 HP[-2]
You take 2 damage, and now have 29/33 hp.
You closely miss the gnoll.
The gnoll shouts!
The gnoll hits you with a +0 flail.
A ball python comes into view. 😕 HP[-1]
You take 1 damage, and now have 28/33 hp.
The ball python hisses angrily. 😕 HP[+1]
You completely miss the gnoll. The gnoll closely misses you.
You hit the gnoll. The gnoll hits you but does no damage.
The gnoll hits you from afar with a +2 vorpal halberd! 😮 HP[-12]
You take 12 damage, and now have 17/33 hp.
MASSIVE DAMAGE!! (PAUSE)
You closely miss the gnoll. The gnoll hits you with a +0 flail.
* * * LOW HITPOINT WARNING * * *
The gnoll hits you from afar with a +2 vorpal halberd.
* * * LOW HITPOINT WARNING * * *
x2 😱 HP[-10]
You take 10 damage, and now have 7/33 hp.
MASSIVE DAMAGE!! (PAUSE)
A gnoll comes into view. It is wielding a +0 spear.
The gnoll throws a throwing net.
The throwing net hits you.
You become entangled in the net!
You see here a throwing net {=f!fthrowing}.
You struggle against the net.
The gnoll hits you with a +0 flail.
* * * LOW HITPOINT WARNING * * *
😱 HP[-1]
You take 1 damage, and now have 6/33 hp.
You tear a large gash into the net.
A rat comes into view.
You struggle against the net.
The gnoll hits you but does no damage. The gnoll hits you with a +0 flail.
* * * LOW HITPOINT WARNING * * *
The gnoll hits you from afar with a +2 vorpal halberd.
You die...

Skill      XL: |  1  2  3 |
---------------+----------+-----
Fighting       | 4 |  4.1
Stealth        | 2 |  2.0
Long Blades    | 4 |  4.0
Dodging        | |  2.7

Action                   || total
-------------------------++-------
Melee: Falchion          ||   121
Throw: Stone             ||    15
 Stab: Sleeping          ||     7
Armor: Robe              ||    26
       Chain mail        ||     4
Dodge: Dodged            ||    87

Levels and vault maps discovered:
D:1:      minmay_arrival_up_and_down, layout_loops_ring, kennysheep_nondescript,
          palyth_stone_intersect
D:2:      layout_basic

Notes
Turn   | Place    | Note
-------+----------+-------------------------------------------
     0 | D:1      | mortz the Hill Orc Monk began the quest for the Orb.
     0 | D:1      | Reached XP level 1. HP: 19/19 MP: 1/1
     0 | D:1      | magus.rc [v1.9.6]
   275 | D:1      | Reached XP level 2. HP: 26/27 MP: 2/2
   278 | D:1      | Reached skill level 4 in Fighting
   666 | D:1      | Reached XP level 3. HP: 30/33 MP: 3/3
   981 | D:1      | Reached skill level 2 in Stealth
  1101 | D:1      | Reached skill level 4 in Long Blades
  1424 | D:2      | HP: 8/33 [gnoll/+2 vorpal halberd (5)]
  1430 | D:2      | HP: 4/33 [gnoll/+0 flail (2)]
  1430 | D:2      | Slain by a gnoll

Vanquished Creatures
  A dart slug (D:1)
  4 ball pythons (D:1)
  7 endoplasms
  A giant cockroach (D:2)
  2 goblins (D:1)
  4 jackals (D:1)
  2 kobolds (D:1)
  2 quokkas (D:1)
  9 bats (D:1)
  A frilled lizard (D:1)
  3 rats (D:1)
36 creatures vanquished.

Table legend:
 A = Non-vault XP
 B = Vault XP
 C = Vault XP percentage of total XP
 D = Non-vault monster count
 E = Vault monster count
 F = Vault count percentage of total count
                 A         B        C        D         E       F
            +---------+---------+-------+---------+---------+-------
      Total |      65 |       0 |   0.0 |      36 |       0 |   0.0
            +---------+---------+-------+---------+---------+-------
        D:1 |      61 |       0 |   0.0 |      34 |       0 |   0.0
        D:2 |       4 |       0 |   0.0 |       2 |       0 |   0.0
            +---------+---------+-------+---------+---------+-------

Illustrated notes

Table legend:
 A = Kills in this place as a percentage of kills in entire the game.
 B = Kills by you in this place as a percentage of kills by you in the entire game.
 C = Kills by friends in this place as a percentage of kills by friends in the entire game.
 D = Other kills in this place as a percentage of other kills in the entire game.
 E = Experience gained in this place as a percentage of experience gained in the entire game.
 F = Experience gained in this place divided by the number of levels of this place that you have seen.
                   A       B       C       D       E      F
               +-------+-------+-------+-------+-------+----------------------
         Total | 100.0 | 100.0 |   N/A |   N/A | 100.0 |  32.5
       Dungeon | 100.0 | 100.0 |   N/A |   N/A | 100.0 |  32.5
               +-------+-------+-------+-------+-------+----------------------

Table legend: (Time is in decaauts)
 A = Elapsed time spent in this place.
 B = Non-inter-level travel time spent in this place.
 C = Inter-level travel time spent in this place.
 D = Time resting spent in this place.
 E = Time spent auto-exploring this place.
 F = Levels seen in this place.
 G = Mean time per level.
                   A        B        C        D        E       F      G
               +--------+--------+--------+--------+--------+-----+--------+
         Total |   1445 |   1400 |     45 |      0 |   1081 |   2 |  722.5 |
       Dungeon |   1445 |   1400 |     45 |      0 |   1081 |   2 |  722.5 |
               +--------+--------+--------+--------+--------+-----+--------+

Top non-repeatable levels by time:
     D:1: 1350 daAuts
     D:2: 95 daAuts
